| TOP OF THE 1ST |
|
Tijuana Toros batting - Pitching for Houston Colt .45's : RHP David Sanchez
|
|
Pitching: RHP David Sanchez
|
|
|
Batting: SHB Erick Hamburger
|
0-0: Ball 1-0: Called Strike 1-1: Swinging Strike 1-2: Ball 2-2: Ball 3-2: Fly out, F8 (Flyball, 89M, EV 90.0 MPH)
|
|
Batting: RHB Guo Kwok
|
0-0: Ball 1-0: Ball 2-0: Called Strike 2-1: Ball 3-1: Ground out 5-3 (Groundball, 56S, EV 69.4 MPH)
|
|
Batting: RHB John Hanson
|
0-0: Ball 1-0: Foul Ball, location: 2F 1-1: SINGLE (Line Drive, 7S, EV 109.4 MPH)
|
|
Batting: RHB Tan-ming Kwan
|
0-0: Ball 1-0: Called Strike 1-1: Ball 2-1: Foul Ball, location: 2F 2-2: Ball 3-2: Ground out 3-1 (Groundball, 34S, EV 87.5 MPH)
|
| Top of the 1st over - 0 runs, 1 hit, 0 errors, 1 left on base; Tijuana 0 - Houston 0 |
| BOTTOM OF THE 1ST |
|
Houston Colt .45's batting - Pitching for Tijuana Toros : RHP Steve Powell
|
|
Pitching: RHP Steve Powell
|
|
|
Batting: LHB Bert Middleton
|
0-0: Swinging Strike 0-1: Ball 1-1: Foul Ball, location: 2F 1-2: Ball 2-2: Strikes out swinging
|
|
Batting: RHB Bill Borden
|
0-0: Called Strike 0-1: Foul Ball, location: 2F 0-2: Strikes out swinging
|
|
Batting: RHB Patrick Pinault
|
0-0: Ground out 5-3 (Groundball, 5L, EV 107.5 MPH)
|
| Bottom of the 1st over - 0 runs, 0 hits, 0 errors, 0 left on base; Tijuana 0 - Houston 0 |
| TOP OF THE 2ND |
|
Tijuana Toros batting - Pitching for Houston Colt .45's : RHP David Sanchez
|
|
Batting: RHB Jerry Afghani
|
0-0: Called Strike 0-1: Ball 1-1: Ball 2-1: Foul Ball, location: 2F 2-2: Ground out 6-3 (Groundball, 4MS, EV 86.2 MPH)
|
|
Batting: RHB Yok-sing Zhào
|
0-0: Ball 1-0: Ball 2-0: Called Strike 2-1: Called Strike 2-2: Foul Ball, location: 2F 2-2: Ball 3-2: Foul Ball, location: 2F 3-2: SOLO HOME RUN (Flyball, 7LD, EV 93.1 MPH), Distance : 352 ft
|
|
Batting: RHB Mario Diaz
|
0-0: Ball 1-0: Ball 2-0: Called Strike 2-1: Fly out, F6 (Popup, 6, EV 80.6 MPH)
|
|
Batting: RHB Gaylord Wray
|
0-0: Ball 1-0: Called Strike 1-1: Foul Ball, location: 2F 1-2: Foul Ball, location: 2F 1-2: Strikes out swinging
|
| Top of the 2nd over - 1 run, 1 hit, 0 errors, 0 left on base; Tijuana 1 - Houston 0 |
| BOTTOM OF THE 2ND |
|
Houston Colt .45's batting - Pitching for Tijuana Toros : RHP Steve Powell
|
|
Batting: LHB Vecdi Hodensack
|
0-0: SINGLE (Line Drive, 6D, EV 103.1 MPH)
|
|
Batting: RHB Josh Reisner
|
0-0: Called Strike 0-1: Ball 1-1: Called Strike 1-2: Strikes out swinging
|
|
Batting: LHB Ryan Fridley
|
0-0: Ball 1-0: Ball 2-0: Ball 3-0: Called Strike 3-1: Base on Balls Vecdi Hodensack to second
|
|
Batting: RHB Jamie Walker
|
0-0: Called Strike 0-1: Ball 1-1: Swinging Strike 1-2: Strikes out looking
|
|
Batting: RHB Fernando Acosta
|
0-0: Ball 1-0: Ball 2-0: Swinging Strike 2-1: Called Strike 2-2: Ball 3-2: Foul Ball, location: 2F 3-2: Strikes out swinging
|
| Bottom of the 2nd over - 0 runs, 1 hit, 0 errors, 2 left on base; Tijuana 1 - Houston 0 |
| TOP OF THE 3RD |
|
Tijuana Toros batting - Pitching for Houston Colt .45's : RHP David Sanchez
|
|
Batting: LHB Gerardo Arriaga
|
0-0: Called Strike 0-1: Foul Ball, location: 2F 0-2: Foul Ball, location: 2F 0-2: Ball 1-2: Strikes out swinging
|
|
Batting: SHB Erick Hamburger
|
0-0: Ball 1-0: Ball 2-0: Ball 3-0: Called Strike 3-1: Base on Balls
|
|
Batting: RHB Guo Kwok
|
0-0: Called Strike Erick Hamburger steals 2nd base 0-1: Ball 1-1: Called Strike 1-2: Strikes out swinging
|
|
Batting: RHB John Hanson
|
0-0: Called Strike Erick Hamburger steals 3rd base 0-1: Ball 1-1: Swinging Strike 1-2: Ball 2-2: Ball 3-2: Strikes out swinging
|
| Top of the 3rd over - 0 runs, 0 hits, 0 errors, 1 left on base; Tijuana 1 - Houston 0 |
| BOTTOM OF THE 3RD |
|
Houston Colt .45's batting - Pitching for Tijuana Toros : RHP Steve Powell
|
|
Batting: RHB Kenny Beall
|
0-0: Fly out, F7 (Line Drive, 7S, EV 95.6 MPH)
|
|
Batting: LHB Bert Middleton
|
0-0: Fly out, F7 (Flyball, 7, EV 95.0 MPH)
|
|
Batting: RHB Bill Borden
|
0-0: Foul Ball, location: 2F 0-1: Foul Ball, location: 2F 0-2: Strikes out swinging
|
| Bottom of the 3rd over - 0 runs, 0 hits, 0 errors, 0 left on base; Tijuana 1 - Houston 0 |
| TOP OF THE 4TH |
|
Tijuana Toros batting - Pitching for Houston Colt .45's : RHP David Sanchez
|
|
Batting: RHB Tan-ming Kwan
|
0-0: Called Strike 0-1: Called Strike 0-2: Ball 1-2: Strikes out looking
|
|
Batting: RHB Jerry Afghani
|
0-0: Ball 1-0: Ball 2-0: Called Strike 2-1: Ball 3-1: Fly out, F5 (Line Drive, 56D, EV 63.8 MPH)
|
|
Batting: RHB Yok-sing Zhào
|
0-0: Ball 1-0: Ball 2-0: Ball 3-0: Base on Balls
|
|
Batting: RHB Mario Diaz
|
0-0: Ball 1-0: Ball 2-0: Ball 3-0: Foul Ball, location: 2F 3-1: Base on Balls Yok-sing Zhào to second
|
|
Batting: RHB Gaylord Wray
|
0-0: Fly out, F8 (Flyball, 8LM, EV 93.1 MPH)
|
| Top of the 4th over - 0 runs, 0 hits, 0 errors, 2 left on base; Tijuana 1 - Houston 0 |
| BOTTOM OF THE 4TH |
|
Houston Colt .45's batting - Pitching for Tijuana Toros : RHP Steve Powell
|
|
Batting: RHB Patrick Pinault
|
0-0: Ball 1-0: Called Strike 1-1: Foul Ball, location: 2F 1-2: Ball 2-2: Ground out 6-3 (Groundball, 6, EV 93.8 MPH)
|
|
Batting: LHB Vecdi Hodensack
|
0-0: Ball 1-0: Called Strike 1-1: Ball 2-1: Ball 3-1: Foul Ball, location: 2F 3-2: SINGLE (Groundball, 6MD, EV 96.9 MPH)
|
|
Batting: RHB Josh Reisner
|
0-0: Called Strike 0-1: Foul Ball, location: 2F 0-2: Hit by Pitch Vecdi Hodensack to second
|
|
Batting: LHB Ryan Fridley
|
0-0: Swinging Strike 0-1: Ball 1-1: Foul Ball, location: 2F 1-2: Ball 2-2: Foul Ball, location: 2F 2-2: Foul Ball, location: 2F 2-2: Foul Ball, location: 2F 2-2: Foul Ball, location: 2F 2-2: Ball 3-2: SINGLE (Line Drive, 8LS, EV 88.1 MPH) Vecdi Hodensack to third Josh Reisner to second
|
|
Batting: RHB Jamie Walker
|
0-0: Ball 1-0: Ball 2-0: Called Strike 2-1: Called Strike 2-2: Foul Ball, location: 2F 2-2: Strikes out swinging
|
|
Batting: RHB Fernando Acosta
|
0-0: Called Strike 0-1: Foul Ball, location: 2F 0-2: Ball 1-2: Strikes out swinging
|
| Bottom of the 4th over - 0 runs, 2 hits, 0 errors, 3 left on base; Tijuana 1 - Houston 0 |
| TOP OF THE 5TH |
|
Tijuana Toros batting - Pitching for Houston Colt .45's : RHP David Sanchez
|
|
Batting: LHB Gerardo Arriaga
|
0-0: Ball 1-0: Called Strike 1-1: Ball 2-1: Foul Ball, location: 2F 2-2: Strikes out swinging
|
|
Batting: SHB Erick Hamburger
|
0-0: Ball 1-0: Ball 2-0: Ball 3-0: Base on Balls
|
|
Pitching: RHP Kurt Carr
|
|
|
Batting: RHB Guo Kwok
|
0-0: Called Strike 0-1: Swinging Strike 0-2: Ball 1-2: Foul Ball, location: 2F 1-2: Ball 2-2: Fly out, F8 (Flyball, 8RD, EV 101.2 MPH)
|
|
Batting: RHB John Hanson
|
0-0: Called Strike 0-1: Called Strike 0-2: Ground out 6-3 (Groundball, 6D, EV 86.2 MPH)
|
| Top of the 5th over - 0 runs, 0 hits, 0 errors, 1 left on base; Tijuana 1 - Houston 0 |
| BOTTOM OF THE 5TH |
|
Houston Colt .45's batting - Pitching for Tijuana Toros : RHP Steve Powell
|
|
Batting: RHB Kenny Beall
|
0-0: Swinging Strike 0-1: Ball 1-1: Foul Ball, location: 2F 1-2: Ball 2-2: Strikes out swinging
|
|
Batting: LHB Bert Middleton
|
0-0: Ball 1-0: Called Strike 1-1: Fly out, F8 (Flyball, 78D, EV 101.9 MPH)
|
|
Batting: RHB Bill Borden
|
0-0: Ground out 6-3 (Groundball, 6, EV 90.6 MPH)
|
| Bottom of the 5th over - 0 runs, 0 hits, 0 errors, 0 left on base; Tijuana 1 - Houston 0 |
| TOP OF THE 6TH |
|
Tijuana Toros batting - Pitching for Houston Colt .45's : RHP Kurt Carr
|
|
Batting: RHB Tan-ming Kwan
|
0-0: Ball 1-0: Ball 2-0: Ball 3-0: Called Strike 3-1: DOUBLE (Flyball, 8LD, EV 99.4 MPH)
|
|
Batting: RHB Jerry Afghani
|
0-0: Called Strike 0-1: SINGLE (Line Drive, 6D, EV 97.5 MPH) Tan-ming Kwan to third
|
|
Batting: RHB Yok-sing Zhào
|
0-0: Ball 1-0: Ball 2-0: Ball 3-0: Base on Balls Jerry Afghani to second
|
|
Batting: RHB Mario Diaz
|
0-0: Ball Wild Pitch! Tan-ming Kwan scores Jerry Afghani to third Yok-sing Zhào to second 1-0: Fly out, F9 (Line Drive, 89M, EV 85.6 MPH) Runner from 3rd tags up, OUT at HOME! 9-2 Yok-sing Zhào to third
|
|
Batting: RHB Gaylord Wray
|
0-0: Foul Ball, location: 2F 0-1: Fly out, F8 (Flyball, 8RM, EV 79.4 MPH)
|
| Top of the 6th over - 1 run, 2 hits, 0 errors, 1 left on base; Tijuana 2 - Houston 0 |
| BOTTOM OF THE 6TH |
|
Houston Colt .45's batting - Pitching for Tijuana Toros : RHP Steve Powell
|
|
Batting: RHB Patrick Pinault
|
0-0: Ground out 6-3 (Groundball, 6S, EV 89.4 MPH)
|
|
Batting: LHB Vecdi Hodensack
|
0-0: Ball 1-0: Called Strike 1-1: Foul Ball, location: 2F 1-2: Ball 2-2: SINGLE (Groundball, 6MD, EV 95.0 MPH)
|
|
Batting: RHB Josh Reisner
|
0-0: Called Strike Vecdi Hodensack steals 2nd base 0-1: Called Strike 0-2: SINGLE (Flyball, 56D, EV 89.4 MPH) Vecdi Hodensack to third
|
|
Batting: LHB Ryan Fridley
|
0-0: Called Strike 0-1: Ball 1-1: Ball 2-1: Fly out, F7 (Flyball, 78M, EV 83.1 MPH)
|
|
Pinch Hitting: LHB Bob Neale
|
0-0: Called Strike 0-1: Fly out, F7 (Line Drive, 7, EV 93.8 MPH)
|
| Bottom of the 6th over - 0 runs, 2 hits, 0 errors, 2 left on base; Tijuana 2 - Houston 0 |
| TOP OF THE 7TH |
|
Tijuana Toros batting - Pitching for Houston Colt .45's : RHP Kurt Carr
|
|
Now at 1B: Bob Neale
|
|
|
Now in LF: Ryan Fridley
|
|
|
Now in RF: Josh Reisner
|
|
|
Batting: LHB Gerardo Arriaga
|
0-0: Ball 1-0: Ball 2-0: Foul Ball, location: 2F 2-1: Called Strike 2-2: Ball 3-2: Strikes out swinging
|
|
Batting: SHB Erick Hamburger
|
0-0: DOUBLE (Line Drive, 7LM, EV 101.2 MPH)
|
|
Batting: RHB Guo Kwok
|
0-0: Ball 1-0: Ball 2-0: Called Strike 2-1: Ground out 6-3 (Groundball, 6, EV 85.6 MPH) Erick Hamburger to third
|
|
Pitching: LHP Jordan Garcia
|
|
|
Batting: RHB John Hanson
|
0-0: Ball Passed Ball! Erick Hamburger scores 1-0: Ball 2-0: Ball 3-0: Base on Balls
|
|
Batting: RHB Tan-ming Kwan
|
0-0: Ball 1-0: Called Strike 1-1: Swinging Strike 1-2: Foul Ball, location: 2F 1-2: Strikes out looking
|
| Top of the 7th over - 1 run, 1 hit, 0 errors, 1 left on base; Tijuana 3 - Houston 0 |
| BOTTOM OF THE 7TH |
|
Houston Colt .45's batting - Pitching for Tijuana Toros : RHP Steve Powell
|
|
Batting: RHB Fernando Acosta
|
0-0: Called Strike 0-1: Ball 1-1: SINGLE (Groundball, 6M, EV 105.0 MPH) (infield hit)
|
|
Batting: RHB Kenny Beall
|
0-0: Called Strike Fernando Acosta is caught stealing 2nd base 2-4 0-1: Foul Ball, location: 2F 0-2: Strikes out swinging
|
|
Batting: LHB Bert Middleton
|
0-0: Called Strike 0-1: Hit by Pitch
|
|
Batting: RHB Bill Borden
|
0-0: Foul Ball, location: 2F 0-1: Called Strike 0-2: Ball 1-2: Ball 2-2: Foul Ball, location: 2F 2-2: Strikes out swinging
|
| Bottom of the 7th over - 0 runs, 1 hit, 0 errors, 1 left on base; Tijuana 3 - Houston 0 |
| TOP OF THE 8TH |
|
Tijuana Toros batting - Pitching for Houston Colt .45's : LHP Jordan Garcia
|
|
Batting: RHB Jerry Afghani
|
0-0: Called Strike 0-1: Ball 1-1: Foul Ball, location: 2F 1-2: Ball 2-2: Ball 3-2: Foul Ball, location: 2F 3-2: Base on Balls
|
|
Batting: RHB Yok-sing Zhào
|
0-0: Reached on error, E1 (Groundball, 13S, EV 43.8 MPH) Jerry Afghani to third
|
|
Batting: RHB Mario Diaz
|
0-0: Fly out, F4 (Popup, 23, EV 85.6 MPH)
|
|
Pitching: LHP Manny Muniz
|
|
|
Batting: RHB Gaylord Wray
|
0-0: Called Strike 0-1: Hit by Pitch
|
|
Batting: LHB Gerardo Arriaga
|
0-0: Ball 1-0: Swinging Strike 1-1: Ball 2-1: Foul Ball, location: 2F 2-2: Strikes out looking
|
|
Batting: SHB Erick Hamburger
|
0-0: Foul Ball, location: 2F 0-1: Called Strike 0-2: Foul Ball, location: 2F 0-2: Ground out 3-1 (Groundball, 34S, EV 93.8 MPH)
|
| Top of the 8th over - 0 runs, 0 hits, 1 error, 3 left on base; Tijuana 3 - Houston 0 |
| BOTTOM OF THE 8TH |
|
Houston Colt .45's batting - Pitching for Tijuana Toros : RHP Steve Powell
|
|
Pitching: RHP Jeremy Pollom
|
|
|
Batting: RHB Patrick Pinault
|
0-0: Foul Ball, location: 2F 0-1: DOUBLE (Groundball, 5L, EV 103.8 MPH)
|
|
Batting: LHB Vecdi Hodensack
|
0-0: Called Strike 0-1: Swinging Strike 0-2: Fly out, F8 (Flyball, 8LD, EV 96.9 MPH) Runner from 2nd tags up, SAFE at 3rd with throw by CF
|
|
Batting: RHB Josh Reisner
|
0-0: Foul Ball, location: 2F 0-1: Swinging Strike 0-2: Foul Ball, location: 2F 0-2: Foul Ball, location: 2F 0-2: Ball 1-2: Ball 2-2: Strikes out swinging
|
|
Batting: LHB Ryan Fridley
|
0-0: Called Strike 0-1: Foul Ball, location: 2F 0-2: Ball 1-2: Ball 2-2: Fly out, F8 (Flyball, 8RD, EV 83.8 MPH)
|
| Bottom of the 8th over - 0 runs, 1 hit, 0 errors, 1 left on base; Tijuana 3 - Houston 0 |
| TOP OF THE 9TH |
|
Tijuana Toros batting - Pitching for Houston Colt .45's : LHP Manny Muniz
|
|
Batting: RHB Guo Kwok
|
0-0: Foul Ball, location: 2F 0-1: Foul Ball, location: 2F 0-2: Strikes out swinging
|
|
Batting: RHB John Hanson
|
0-0: Ball 1-0: Foul Ball, location: 2F 1-1: Foul Ball, location: 2F 1-2: Ball 2-2: Strikes out swinging
|
|
Batting: RHB Tan-ming Kwan
|
0-0: Ball 1-0: DOUBLE (Line Drive, 3D, EV 96.9 MPH)
|
|
Batting: RHB Jerry Afghani
|
0-0: Ball 1-0: Ball 2-0: Fly out, F8 (Flyball, 8LM, EV 83.1 MPH)
|
| Top of the 9th over - 0 runs, 1 hit, 0 errors, 1 left on base; Tijuana 3 - Houston 0 |
| BOTTOM OF THE 9TH |
|
Houston Colt .45's batting - Pitching for Tijuana Toros : RHP Jeremy Pollom
|
|
Pitching: RHP Bill Dyck
|
|
|
Batting: LHB Bob Neale
|
0-0: Ground out U3 (Groundball, 3, EV 95.0 MPH)
|
|
Pinch Hitting: SHB Terciero Ortiz
|
0-0: Foul Ball, location: 2F 0-1: Swinging Strike 0-2: Strikes out swinging
|
|
Pinch Hitting: RHB Tim Williams
|
0-0: Called Strike 0-1: Ball 1-1: Ball 2-1: Foul Ball, location: 2F 2-2: Ball 3-2: Base on Balls
|
|
Batting: LHB Bert Middleton
|
0-0: Called Strike 0-1: Fly out, F9 (Flyball, 89M, EV 92.5 MPH)
|
| Bottom of the 9th over - 0 runs, 0 hits, 0 errors, 1 left on base; Tijuana 3 - Houston 0 |
|